 Dungeon Sprint DCSS version 0.30-a0-1053-gbd8d5ba0ad (webtiles) character file.

Game seed: 16949641988082577297

602 fozzywoppz the Grappler (level 7, 0/78 HPs)
             Began as a Troll Fighter on Apr 12, 2023.
             Was an Initiate of Wu Jian.
             Slain by Sonja
             ... wielding a +1 short sword of distortion
              (2 damage)
             ... in the Dungeon (Sprint I: "Red Sonja").
             The game lasted 00:02:53 (322 turns).

fozzywoppz the Grappler (Troll Fighter)              Turns: 322, Time: 00:02:53

Health: 0/78       AC:  6    Str: 25    XL:     7   Next: 18%
Magic:  6/6        EV: 11    Int:  4    God:    Wu Jian [......]
Gold:   437        SH: 10    Dex: 11    Spells: 6/6 levels left

rFire   . . .      SeeInvis .      - Unarmed
rCold   . . .      Faith    .    b - +0 kite shield
rNeg    . . .      Spirit   .    j - +2 robe {Will+}
rPois   .          Reflect  .    (helmet restricted)
rElec   .          Rampage  .    (no cloak)
rCorr   .          NoTele   +    (gloves unavailable)
Will    +....                    (boots unavailable)
Stlth   +                        (no amulet)
HPRegen 1.13/turn                (no ring)
MPRegen 0.10/turn                (no ring)

@: hasted, very quick
A: large, unfitting armour, claws 3, regeneration 1, shaggy fur 1, tough skin 1
a: Renounce Religion


You were in the Dungeon.
You worshipped Wu Jian.
Wu Jian was noncommittal.
You visited 1 branch You collected 437 gold pieces.

Inventory:

Armour
 b - a +0 kite shield (worn)
 j - a +2 robe of willpower (worn)
Wands
 e - a wand of acid (2)
Scrolls
 i - a scroll of blinking
Potions
 g - 2 potions of magic
 h - a potion of berserk rage


   Skills:
 + Level 7.0 Fighting
 + Level 7.0 Dodging
 + Level 7.6 Shields
 + Level 8.1 Unarmed Combat


You had 6 spell levels left.
You didn't know any spells.
Your spell library was empty.

Dungeon Overview and Level Annotations

Branches:
Dungeon (1/1)

Altars:
Cheibriados
Dithmenos
Elyvilon
Fedhas
Gozag
Hepliaklqana
Kikubaaqudgha
Makhleb
Nemelex Xobeh
Okawaru
Qazlal
Ru
Sif Muna
Trog
Uskayaw
Vehumet
Wu Jian
Xom
Yredelemnul
Zin
The Shining One
Jiyva
Lugonu

Shops:
D [

Annotations:
D Sonja


Innate Abilities, Weirdness & Mutations

You are too large for most types of armour.
You have claws for hands.
Your natural rate of healing is unusually fast.
You are covered in fur. (AC +1)
You have tough skin. (AC +1)


Message History

Sonja barely misses you.
Sonja hits you with a +1 short sword of distortion!
Space warps horribly around you!! You block Sonja's attack.
You closely miss Sonja.
Sonja is severely wounded.
You block Sonja's attack. Sonja completely misses you.
You block Sonja's attack. Sonja hits you but does no damage.
Space warps horribly around you.
Sonja hits you with a +1 short sword of distortion.
Space warps around you. You block Sonja's attack.
You miss Sonja.
Sonja is severely wounded.
Sonja hits you but does no damage. Space warps horribly around you!!
* * * LOW HITPOINT WARNING * * *
Sonja barely misses you. You block Sonja's attack.
You feel better.
Sonja drinks a potion.
Sonja is healed!
You block Sonja's attack. Sonja hits you but does no damage.
Space warps around you.
* * * LOW HITPOINT WARNING * * *
Sonja barely misses you.
You feel yourself speed up.
Sonja hits you with a +1 short sword of distortion.
* * * LOW HITPOINT WARNING * * *
You block Sonja's attack. Sonja barely misses you.
You miss Sonja.
Sonja is heavily wounded.
Sonja hits you with a +1 short sword of distortion.
* * * LOW HITPOINT WARNING * * *
Space warps around you.
* * * LOW HITPOINT WARNING * * *
You block Sonja's attack. Sonja closely misses you.
You scratch Sonja.
Sonja is heavily wounded.
Sonja hits you with a +1 short sword of distortion.
* * * LOW HITPOINT WARNING * * *
You block Sonja's attack. Sonja closely misses you.
You barely miss Sonja.
Sonja is heavily wounded.
Sonja hits you with a +1 short sword of distortion.
You die...

######################
#<.#..').#..'..#__#..+
#..').#..'[.#..'..'..#
#..#####'#####'#__####
#..####..#...#.####$[#
#..#__####..##)#§§~§c#
#..#_____##'#_.+§§§
#⌠⌠#_.∩...†..._#~§§§
####_..__##K@#'# +##
#_____###+#.# #######
#.### $.$ $.$ ##.##
#+#


You could see Sonja.

Vanquished Creatures
  Sigmund (D)
  A slime creature (D)
  A yak (D)
  An ogre (D)
  A jelly (D)
  Ijyb (D)
6 creatures vanquished.

Notes
Turn   | Place    | Note
-------+----------+-------------------------------------------
     0 | D        | fozzywoppz the Troll Fighter began the quest for the Orb.
     0 | D        | Reached XP level 1. HP: 22/22 MP: 0/0
     1 | D        | Noticed Ijyb
    13 | D        | Killed Ijyb
    14 | D        | Reached skill level 3 in Unarmed Combat
    14 | D        | Reached XP level 2. HP: 7/31 MP: 1/1
    43 | D        | Noticed an ogre
    49 | D        | Killed an ogre
    50 | D        | Reached skill level 4 in Unarmed Combat
    50 | D        | Reached XP level 3. HP: 5/40 MP: 2/2
    50 | D        | Reached XP level 4. HP: 6/49 MP: 3/3
    99 | D        | Noticed Sigmund
   105 | D        | Killed Sigmund
   106 | D        | Reached skill level 5 in Fighting
   106 | D        | Reached skill level 5 in Dodging
   106 | D        | Reached skill level 6 in Unarmed Combat
   106 | D        | Reached XP level 5. HP: 59/59 MP: 4/4
   106 | D        | Reached XP level 6. HP: 67/67 MP: 5/5
   131 | D        | Found an ornate altar of the Wu Jian Council.
   131 | D        | Found a shimmering blue altar of Sif Muna.
   133 | D        | Found a radiant altar of Vehumet.
   152 | D        | Found Sorch's Antique Armour Emporium.
   152 | D        | Found an ancient bone altar of Kikubaaqudgha.
   152 | D        | Found a hazy altar of Hepliaklqana.
   152 | D        | Found a stormy altar of Qazlal.
   152 | D        | Found a hide-covered altar of Uskayaw.
   152 | D        | Found a blossoming altar of Fedhas.
   152 | D        | Found a bloodstained altar of Trog.
   152 | D        | Found an iron altar of Okawaru.
   152 | D        | Found a basalt altar of Yredelemnul.
   152 | D        | Found a glowing golden altar of the Shining One.
   152 | D        | Found a snail-covered altar of Cheibriados.
   152 | D        | Found a sacrificial altar of Ru.
   152 | D        | Found a glowing silver altar of Zin.
   152 | D        | Found a shadowy altar of Dithmenos.
   152 | D        | Found a white marble altar of Elyvilon.
   152 | D        | Noticed a yak
   161 | D        | Killed a yak
   162 | D        | Reached skill level 7 in Unarmed Combat
   162 | D        | Found an opulent altar of Gozag.
   163 | D        | Found a sparkling altar of Nemelex Xobeh.
   189 | D        | Became a worshipper of the Wu Jian Council
   223 | D        | Found a burning altar of Makhleb.
   223 | D        | Found a viscous altar of Jiyva.
   223 | D        | Found a shimmering altar of Xom.
   223 | D        | Found a corrupted altar of Lugonu.
   223 | D        | Noticed a slime creature
   232 | D        | Killed a slime creature
   233 | D        | Reached skill level 8 in Unarmed Combat
   233 | D        | Reached XP level 7. HP: 36/78 MP: 6/6
   291 | D        | Noticed a centaur warrior
   302 | D        | Noticed Sonja
   320 | D        | HP: 2/78 [Sonja/+1 short sword of distortion (5)]
   322 | D        | Slain by Sonja

Illustrated notes

Levels and vault maps discovered:
D:        dungeon_sprint_1 [red_sonja_temple_1, red_sonja_temple_small_1]

Skill      XL: |  1  2  3  4  5  6 |
---------------+-------------------+-----
Fighting       | 3 4 5 7 |  7.0
Dodging        | 3 4 5 7 |  7.0
Shields        | 3 4 6 7 |  7.6
Unarmed Combat | 3 4 6 8 |  8.1

Action                     |  1- 3 |  4- 6 |  7- 9 || total
---------------------------+-------+-------+-------++-------
  Melee: Unarmed           |    15 |    23 |     8 ||    46
    Use: Potion            |     1 |     1 |     2 ||     4
 Armour: Robe              |       |     1 |     4 ||     5
  Dodge: Dodged            |     1 |     2 |     8 ||    11
  Block: Kite shield       |     6 |     7 |    12 ||    25

Table legend: (Time is in decaauts)
 A = Elapsed time spent in this place.
 B = Non-inter-level travel time spent in this place.
 C = Inter-level travel time spent in this place.
 D = Time resting spent in this place.
 E = Time spent auto-exploring this place.
 F = Levels seen in this place.
 G = Mean time per level.
                   A        B        C        D        E       F      G
               +--------+--------+--------+--------+--------+-----+--------+
         Total |    321 |    321 |      0 |    108 |      0 |   1 |  321.0 |
       Dungeon |    321 |    321 |      0 |    108 |      0 |   1 |  321.0 |
               +--------+--------+--------+--------+--------+-----+--------+

Top non-repeatable levels by time:
       D: 321 daAuts
